 Dungeon Crawl Stone Soup version 0.19-a0-526-gbe2e51c (webtiles) character file.

894 tyrsky the Gusty (level 7, -4/50 HPs)
             Began as a Pale Draconian Air Elementalist on June 7, 2016.
             Was a Believer of Sif Muna.
             Slain by a hill giant
             ... wielding a +0 giant club
              (14 damage)
             ... on level 5 of the Dungeon.
             The game lasted 00:15:46 (4414 turns).

tyrsky the Gusty (Pale Draconian Air Elementalist)  Turns: 4414, Time: 00:15:46

Health: -4/50      AC:  9    Str: 10    XL:     7   Next: 78%
Magic:  6/13       EV: 12    Int: 21    God:    Sif Muna [**....]
Gold:   219        SH:  0    Dex: 12    Spells: 4 memorised, 6 levels left

rFire  . . .     SeeInvis .     (no weapon)
rCold  . . .     Gourm    .     (armour unavailable)
rNeg   . . .     Faith    .     (no shield)
rPois  .         Spirit   .     (helmet restricted)
rElec  .         Dismiss  .     (no cloak)
rCorr  +         Reflect  .     s - +1 pair of gloves
SustAt +         Harm     .     m - +0 pair of boots
MR     .....                    (no amulet)
Stlth  ++........               u - ring of resist corrosion
                                p - ring of sustain attributes

@: not resistant to hostile enchantments, unstealthy
A: breathe steam, unfitting armour, clever 2, low mp 1, mutation resistance 1,
cold-blooded, AC +6
a: Breathe Steam, Channel Energy, Renounce Religion


You were on level 5 of the Dungeon.
You worshipped Sif Muna.
Sif Muna was pleased with you.
You were very hungry.

You visited 1 branch of the dungeon, and saw 5 of its levels.

You collected 219 gold pieces.

Inventory:

Missiles
 r - 3 javelins (quivered)
Armour
 m - a +0 pair of boots (worn)
 s - a +1 pair of gloves (worn)
Jewellery
 p - a ring of sustain attributes (left hand)
 u - a ring of resist corrosion (right hand)
Scrolls
 c - 2 scrolls of recharging
 e - 2 scrolls of identify {@*1}
 i - a scroll of enchant armour
 l - 2 scrolls of remove curse
Potions
 d - 2 potions of degeneration
 g - a potion of haste {unknown}
 k - a potion of resistance {unknown}
 n - a potion of beneficial mutation
 q - a potion of curing
 v - 2 potions of might
Books
 a - a book of Air

   Spells                             Type                      Level
   a - Shock                          Conjuration/Air              1
   b - Swiftness                      Charms/Air                   2
   c - Repel Missiles                 Charms/Air                   2
   d - Static Discharge               Conjuration/Air              3
   e - Lightning Bolt                 Conjuration/Air              5
Comestibles
 b - 4 bread rations
 f - a slice of pizza
 h - 3 meat rations
 j - 2 fruits


   Skills:
 - Level 1.7 Dodging
 - Level 1.7 Stealth
 + Level 5.1 Spellcasting
 + Level 5.0 Conjurations
 + Level 6.5 Air Magic


You had 6 spell levels left.
You knew the following spells:

 Your Spells              Type           Power        Failure   Level  Hunger
a - Shock                 Conj/Air       ####         1%          1    None
b - Repel Missiles        Chrm/Air       ###...       4%          2    None
c - Swiftness             Chrm/Air       ###.....     4%          2    None
d - Lightning Bolt        Conj/Air       ####......   28%         5    #####..


Dungeon Overview and Level Annotations

Branches:
Dungeon (5/15)
 Temple: D:4-7

Altars:
Ashenzari
Dithmenos
Fedhas
Gozag
Kikubaaqudgha
Makhleb
Pakellas
Qazlal
Ru
Sif Muna
Uskayaw

Shops:
D:5 }

Annotations:
D:4 Sigmund
D:5 Eustachio


Innate Abilities, Weirdness & Mutations

You can breathe blasts of scalding, opaque steam.
Your pale cyan-grey scales are hard. (AC +6)
Your body does not fit into most forms of armour.
You are cold-blooded and may be slowed by cold attacks.
Your mind is very acute. (Int +4)
Your magical capacity is low. (-10% MP)
You are somewhat resistant to further mutation.


Message History

The hill giant is severely wounded.
You no longer feel sluggish.
Casting: Shock
Confirm with . or Enter, or press ? or * to list all spells.
Aiming: Shock
Press: ? - help, Shift-Dir - straight line, f/p - hill giant
Aim: a hill giant, wielding a giant club (severely wounded)
The zap hits the hill giant.
The hill giant is severely wounded.
The hill giant hits you with a giant club!
* * * LOW HITPOINT WARNING * * *
Casting: Shock
Confirm with . or Enter, or press ? or * to list all spells.
Aiming: Shock
Press: ? - help, Shift-Dir - straight line, f/p - hill giant
Aim: a hill giant, wielding a giant club (severely wounded)
The zap hits the hill giant.
The hill giant is almost dead.
The hill giant hits you with a giant club!
You die...

# #.........#
######..###.## #
#.........#
#...##....#.#. #
###########
#.#.##.'###### #
#...# #.#.##.#...#..
# ########## #.#.#
#.#.##.#...#.. #
#.##....)# #.#.#
#.#.##.#......
###.##.###C# #.#.#
#.#.##.###)_.#
....##.# #.# #.#C#
#.#.##.#......
###.##.###C###C#d#
#.#....#...#..
#.....##.....#.#
#.####.#...#..
##############.###.#
#.'###### #.....#
#......#. #######
#.##...#. #......#.
####...#. #...##
##..##


You could see a hill giant.

Vanquished Creatures
  Prince Ribbit (D:5)
  A phantom (D:5)
  A giant frog (D:5)
  A scorpion (D:5)
  A howler monkey (D:4)
  A crimson imp (D:5)
  A giant frog skeleton (D:5)
  An orc wizard (D:5)
  2 iguanas
  2 worker ants (D:4)
  13 adders
  6 gnolls
  A shadow imp (D:5)
  3 oozes
  An adder skeleton (D:5)
  2 worms (D:2)
  2 dart slugs
  2 giant geckos
  7 orcs
  3 ball pythons
  5 giant cockroaches
  7 goblins
  6 hobgoblins
  3 jackals (D:3)
  2 quokkas
  10 bats
  3 giant newts
  6 kobolds
  6 rats
100 creatures vanquished.

Notes
Turn   | Place    | Note
--------------------------------------------------------------
     0 | D:1      | tyrsky the Draconian Air Elementalist began the quest for the Orb.
     0 | D:1      | Reached XP level 1. HP: 14/14 MP: 3/3
   249 | D:1      | Reached XP level 2. HP: 19/20 MP: 0/5
   501 | D:2      | Found a deep blue altar of Sif Muna.
   560 | D:2      | Became a worshipper of Sif Muna the Loreminder
   565 | D:2      | Reached XP level 3. HP: 24/26 MP: 1/6
   740 | D:2      | Found a shattered altar of Ashenzari.
   887 | D:2      | Found an ancient bone altar of Kikubaaqudgha.
  1179 | D:2      | Learned a level 2 spell: Repel Missiles
  1207 | D:2      | Reached XP level 4. HP: 23/33 MP: 0/8
  1406 | D:2      | Reached skill level 4 in Air Magic
  2111 | D:3      | Noticed a dagger
  2112 | D:3      | Noticed a dagger
  2119 | D:3      | Found a hide-covered altar of Uskayaw.
  2148 | D:3      | Reached XP level 5. HP: 32/38 MP: 2/9
  2260 | D:3      | Found a shadowy altar of Dithmenos.
  2425 | D:3      | Found a stormy altar of Qazlal.
  2544 | D:3      | Found a blossoming altar of Fedhas.
  2552 | D:3      | Found an opulent altar of Gozag.
  2815 | D:3      | Gained mutation: Your mind is acute. (Int +2) [potion of beneficial mutation]
  2816 | D:3      | Gained mutation: Your magical capacity is low. (-10% MP) [potion of mutation]
  2816 | D:3      | Gained mutation: Your mind is very acute. (Int +4) [potion of mutation]
  2816 | D:3      | Gained mutation: You are somewhat resistant to further mutation. [potion of mutation]
  2825 | D:3      | Learned a level 2 spell: Swiftness
  3131 | D:4      | Reached XP level 6. HP: 45/45 MP: 3/10
  3373 | D:4      | Found a burning altar of Makhleb.
  3461 | D:4      | Reached * piety under Sif Muna
  3472 | D:4      | Noticed Sigmund
  3497 | D:5      | Entered Level 5 of the Dungeon
  3529 | D:5      | Noticed Eustachio
  3658 | D:5      | Reached skill level 5 in Air Magic
  3709 | D:5      | Found an oddly glowing altar of Pakellas.
  3717 | D:5      | Learned a level 5 spell: Lightning Bolt
  3734 | D:5      | Your scales start taking on a pale cyan-grey colour.
  3734 | D:5      | Reached XP level 7. HP: 50/50 MP: 9/12
  3766 | D:5      | Found a sacrificial altar of Ru.
  3936 | D:5      | Noticed Prince Ribbit
  3997 | D:5      | Killed Prince Ribbit
  3997 | D:5      | Reached ** piety under Sif Muna
  3997 | D:5      | Reached skill level 6 in Air Magic
  4097 | D:5      | Reached skill level 5 in Spellcasting
  4097 | D:5      | Reached skill level 5 in Conjurations
  4352 | D:5      | Found Caileuxi's Gadget Emporium.
  4364 | D:5      | Noticed a hill giant
  4414 | D:5      | Slain by a hill giant

Vault maps used:
D:1:      dpeg_arrival_short_road, hangedman_abyss_or_decor_lesser_grid
D:2:      lemuel_round_altar, nicolae_overflow_crystal_walls, ashenzari_altar_1,
          first_bread
D:3:      grunt_temple_overflow_forces_of_nature, grunt_gozag_statues,
          dancing_weapons_uskayaw, lemuel_doored_altar,
          kennysheep_generic_room_3
D:4:      kennysheep_mini_moat, minivault_24, uniq_sigmund
D:5:      grunt_pakellas_sulfur, tso_oasis_becter,
          nicolae_ru_great_annihilating_truth, lemuel_temple_firewalk_marked,
          serial_shops, shop, uniq_eustachio, uniq_prince_ribbit1, uniq_menkaure

Skill      XL: |  1  2  3  4  5  6  7 |
---------------+----------------------+-----
Conjurations   | 2 3 4 5 |  5.0
Air Magic      | 4 5 6 |  6.5
Spellcasting   | 3 4 5 |  5.1
Dodging        | |  1.7
Stealth        | |  1.7

Action                   |  1- 3 |  4- 6 |  7- 9 || total
-------------------------+-------+-------+-------++-------
Melee: Unarmed           |    54 |    55 |    12 ||   121
       Tailslap          |     4 |     4 |     3 ||    11
Throw: Javelin           |       |     4 |     3 ||     7
 Cast: Shock             |    73 |   183 |    58 ||   314
       Swiftness         |       |     1 |     1 ||     2
 Abil: Breathe Steam     |       |       |     1 ||     1
  Use: Scroll            |       |    10 |       ||    10
       Potion            |       |     7 |       ||     7
  Eat: Chunk             |     2 |     8 |     1 ||    11
Armor: Skin              |    14 |    50 |     7 ||    71
Dodge: Dodged            |    47 |   103 |    18 ||   168
